Map: Ephemeron LE

Players

soul - Winner!

  • Race: Terran Terran
  • League: Grandmaster
  • Spawn Location: 5:00

Ptak

  • Race: Zerg Zerg
  • League: Master
  • Spawn Location: 11:00

Event: NationWars 2019

VOD

Have the link to the VOD?

Description

Time

  • Played on: Nov. 17, 2019, 2:02 p.m.
  • Length: 8:58
Show
View Real Time Build Order
Export as new Build Order

soul Terran - Winner!

Build Orders: Liberator Opening, Reaper Expand 

Get SALT Encoding   

  12  0:00  SCV  
  13  0:13  SCV  
  14  0:17  Supply Depot  
  14  0:25  SCV  
  15  0:39  SCV  
  15  0:40  Barracks  
  16  0:44  Refinery  
  16  0:51  SCV  
  17  1:03  SCV  
  18  1:15  SCV  
  19  1:27  Orbital Command, Reaper  
  20  1:41  Command Center  
  20  1:51  Supply Depot  
  20  1:54  SCV  
  21  1:59  Marine  
  22  2:06  SCV  
  23  2:10  Factory  
  23  2:16  Refinery  
  23  2:18  SCV  
  23  2:21  Barracks Reactor  
  24  2:30  SCV  
  25  2:42  SCV  
  26  2:53  Orbital Command  
  26  2:54  SCV  
  26  2:56  Starport  
  27  3:06  SCV, Hellion x2  
  27  3:08  Barracks Tech Lab  
  27  3:11  Supply Depot  
  32  3:18  SCV  
  33  3:21  SCV  
  34  3:27  Hellion x2  
  34  3:31  SCV  
  34  3:32  Viking  
  41  3:35  SCV  
  42  3:43  SCV  
  42  3:44  Supply Depot  
  42  3:46  Liberator  
  42  3:47  SCV  
  43  3:55  SCV  
  45  3:59  SCV  
  45  4:04  Supply Depot  
  45  4:07  SCV  
  49  4:11  SCV, Marine x2  
  49  4:12  Siege Tank  
  55  4:19  SCV  
  55  4:23  Command Center  
  56  4:29  Marine  
  56  4:30  SCV  
  56  4:31  Supply Depot, Marine  
  58  4:34  SCV  
  60  4:42  SCV  
  60  4:45  Siege Tank  
  64  4:46  SCV  
  64  4:47  Starport Tech Lab, Marine  
  64  4:49  Marine  
  67  4:54  SCV  
  67  4:59  SCV  
  69  5:02  Barracks  
  69  5:04  Barracks  
  69  5:05  Marine  
  69  5:06  SCV, Marine  
  72  5:17  Bunker, Siege Tank  
  67  5:22  SCV  
  67  5:24  Refinery  
  67  5:26  Engineering Bay  
  67  5:27  Engineering Bay, Refinery  
  67  5:31  SCV  
  67  5:34  Starport Reactor  
  66  5:36  Orbital Command  
  66  5:39  SCV  
  67  5:43  Stimpack, SCV, Supply Depot, Marine  
  69  5:50  Supply Depot  
  69  5:51  SCV  
  69  5:53  Barracks Reactor  
  69  5:55  SCV  
  71  6:04  SCV, Marine x3  
  66  6:07  Barracks  
  66  6:08  Terran Infantry Weapons Level 1  
  66  6:10  Terran Infantry Armor Level 1  
  68  6:21  Orbital Command  
  68  6:22  SCV, Marine x3  
  68  6:24  SCV  
  73  6:27  Supply Depot x2  
  73  6:29  Medivac x2  
  73  6:31  Barracks  
  73  6:32  Marine x2  
  79  6:34  SCV  
  79  6:36  SCV  
  79  6:39  Siege Tank  
  84  6:40  Marine x3  
  84  6:46  Missile Turret, SCV  
  89  6:47  SCV  
  89  6:48  SCV  
  89  6:50  Marine x2  
  92  6:56  Missile Turret  
  92  6:57  Marine x2  
  92  6:58  Barracks Reactor, SCV, Marine  
  92  7:01  Medivac  
  98  7:02  SCV  
  98  7:04  SCV, Supply Depot  
  98  7:08  Marine x2  
  102  7:10  SCV, Supply Depot  
  102  7:14  SCV  
  102  7:15  Marine x3  
  104  7:17  SCV  
  104  7:22  Combat Shield, SCV  
  109  7:28  SCV, Marine  
  109  7:29  Command Center  
  112  7:31  Medivac x2  
  113  7:37  Missile Turret  
  113  7:38  Missile Turret x2, Marine  
  113  7:44  Marine x3  
  107  7:45  SCV, Marine  
  107  7:46  Marine  
  107  7:49  Marine  
  107  7:50  Marine  
  110  7:56  Marine  
  106  8:01  Marine  
  106  8:02  Marine x3  
  106  8:04  Marine  
  109  8:06  SCV x2  
  109  8:08  Marine  
  109  8:10  Armory  
  113  8:14  SCV, Marine  
  113  8:19  SCV x2, Marine x2  
  118  8:20  Marine x2  
  118  8:21  Marine  
  118  8:22  Marine  
  118  8:26  SCV  
  123  8:27  Marine  
  123  8:31  SCV  
  123  8:32  Marine  
  123  8:33  SCV  
  127  8:34  Supply Depot  
  127  8:37  Marine x2  
  127  8:38  Factory  
  127  8:40  SCV, Marine  
Show
View Real Time Build Order
Export as new Build Order

Ptak Zerg 

Build Orders: Hatch First, Roach Nydus 

Get SALT Encoding   

  12  0:00  Drone  
  13  0:12  Overlord  
  13  0:17  Drone  
  14  0:31  Drone x2  
  16  0:36  Drone  
  17  0:51  Hatchery  
  17  0:54  Drone  
  17  0:57  Drone  
  18  1:09  Extractor  
  17  1:12  Spawning Pool  
  17  1:16  Drone  
  17  1:18  Drone  
  18  1:28  Drone  
  19  1:38  Overlord  
  19  1:49  Drone  
  20  2:00  Zergling x2, Queen  
  23  2:02  Queen  
  23  2:03  Zergling x2  
  26  2:12  Metabolic Boost  
  26  2:13  Zergling x2  
  26  2:14  Drone  
  28  2:21  Drone  
  29  2:24  Drone  
  30  2:35  Drone x2, Queen  
  34  2:38  Pneumatized Carapace  
  34  2:45  Overlord  
  34  2:47  Drone  
  35  2:53  Drone  
  35  2:56  Overlord  
  36  3:05  Drone  
  37  3:08  Drone  
  37  3:11  Drone  
  37  3:12  Drone x4  
  43  3:13  Drone  
  43  3:18  Drone  
  43  3:19  Drone  
  46  3:26  Lair  
  46  3:32  Extractor x2  
  46  3:33  Roach Warren  
  46  3:34  Extractor  
  42  3:42  Drone x3  
  42  3:45  Zergling x6  
  42  3:46  Drone  
  42  3:47  Drone  
  50  3:52  Overlord  
  50  3:54  Drone  
  51  3:56  Drone  
  52  4:07  Overlord  
  52  4:15  Roach  
  52  4:16  Roach  
  56  4:19  Spore Crawler  
  56  4:22  Spore Crawler  
  54  4:25  Roach x3, Nydus Network  
  54  4:30  Roach x2  
  63  4:39  Overlord  
  63  4:49  Overlord  
  63  4:58  Overlord  
  63  4:59  Drone x2  
  65  5:03  Drone x2  
  65  5:16  Nydus Canal  
  60  5:22  Drone x4  
  60  5:27  Drone x2  
  60  5:28  Drone x2  
  64  5:37  Spire, Drone  
  64  5:40  Drone, Hatchery  
  64  5:43  Nydus Canal  
  64  5:47  Overseer  
  64  5:48  Drone  
  64  5:49  Drone  
  66  5:54  Drone x2  
  68  6:00  Nydus Canal  
  58  6:07  Overlord  
  52  6:12  Drone  
  52  6:13  Drone  
  54  6:26  Overlord  
  54  6:49  Mutalisk x4  
  54  6:50  Mutalisk x7  
  54  6:53  Glial Reconstitution  
  76  6:56  Drone x3  
  76  6:59  Roach  
  81  7:06  Overlord x2  
  81  7:25  Roach  
  81  7:26  Roach x8  
  94  7:40  Nydus Canal  
  94  7:41  Roach  
  96  7:46  Overlord  
  96  7:47  Overlord x2  
  96  7:56  Roach x3  
  96  8:02  Roach  
  96  8:04  Roach x5  
  80  8:07  Nydus Canal, Roach  
  80  8:09  Queen  
  84  8:20  Evolution Chamber x2  
  84  8:22  Drone x4  
  84  8:25  Ravager x4  
  90  8:32  Drone x3  
Tags
 
Add a new tag
Caveats
  • Supply blocks, unpowered buildings, or Contaminate may cause inaccurate times.
  • Supply counts are checked every 10 seconds.